 Dungeon Crawl Stone Soup version 0.30-a0-168-g0b976cbdc4 (webtiles) character file.

Game seed: 13076168340512969205

3602 Pooter the Grappler (level 9, -1/88 HPs)
             Began as a Troll Monk on Sept 29, 2022.
             Was a Follower of Okawaru.
             Slain by a wolf (4 damage)
             ... in a bailey.
             The game lasted 00:47:28 (5639 turns).

Pooter the Grappler (Troll Monk)                    Turns: 5639, Time: 00:47:29

Health: -1/88      AC:  4    Str: 23    XL:     9   Next: 86%
Magic:  9/11       EV: 12    Int:  8    God:    Okawaru [*.....]
Gold:   214        SH:  5    Dex: 12    Spells: 8/8 levels left

rFire   + . .      SeeInvis .      - Unarmed
rCold   . . .      Faith    .    (no shield)
rNeg    . . .      Spirit   .    a - +0 robe
rPois   .          Reflect  +    (helmet restricted)
rElec   .          Harm     .    (no cloak)
rCorr   .          Rampage  .    (gloves unavailable)
Will    .....                    (boots unavailable)
Stlth   +++.......               o - amulet of reflection
HPRegen 1.04/turn                F - ring of protection from fire
MPRegen 0.12/turn                (no ring)

@: heroic, invisible
A: large, unfitting armour, claws 3, regeneration 1, shaggy fur 1, tough skin 1
a: Renounce Religion, Heroism


You were in a bailey.
You worshipped Okawaru.
Okawaru was aware of your devotion.
You visited 2 branches of the dungeon, and saw 8 of its levels.
You also visited: Bailey.

You collected 401 gold pieces.
You donated 187 gold pieces to Zin.

Inventory:

Hand Weapons
 b - a +1 sling
   (You took it off a goblin on level 2 of the Dungeon)
 r - a +0 giant spiked club
   (You found it on level 1 of the Dungeon)
 A - a +0 halberd
   (You took it off a gnoll on level 4 of the Dungeon)
 H - a +2 vorpal dire flail
   (You took it off Edmund on level 5 of the Dungeon)
Missiles
 s - 14 poisoned darts
 w - 4 javelins
 y - 3 boomerangs (quivered)
 I - 3 boomerangs of dispersal {!f}
 Q - 41 stones
Armour
 a - a +0 robe (worn)
Jewellery
 o - an amulet of reflection (around neck)
   (You found it on level 2 of the Dungeon)
 F - a ring of protection from fire (left claw)
   (You found it on level 7 of the Dungeon)
 W - a ring of wizardry
   (You found it on level 3 of the Dungeon)
Wands
 f - a wand of flame (27)
   (You found it on level 5 of the Dungeon)
 D - a wand of roots (1)
   (You took it off Grinder on level 4 of the Dungeon)
 G - a wand of mindburst (22)
   (You found it on level 5 of the Dungeon)
 K - a wand of quicksilver (3)
   (You found it on level 5 of the Dungeon)
Scrolls
 e - a scroll of enchant armour
 g - 5 scrolls of enchant weapon
 i - a scroll of noise {unknown}
 m - a scroll of fear
 n - a scroll of immolation {!r}
 q - 2 scrolls of summoning
 t - 3 scrolls of teleportation {@r4}
 v - 3 scrolls of fog
 B - 2 scrolls of amnesia
 J - a scroll of vulnerability {!r}
Potions
 c - a potion of might {unknown}
 d - 2 potions of mutation {unknown}
 h - 3 potions of flight
 j - 2 potions of curing {unknown}
 k - a potion of resistance {unknown}
 l - a potion of attraction {unknown}
 u - a potion of haste {unknown}
 x - a potion of invisibility
 z - 2 potions of lignification {!q}
 C - 3 potions of brilliance
 E - a potion of ambrosia


   Skills:
 + Level 5.1(10.1) Fighting
 - Level 1.4(6.4) Maces & Flails
 + Level 3.2(8.2) Ranged Weapons
 * Level 6.3(11.3) Throwing
 - Level 2.4(7.4) Dodging
 - Level 1.0(6.0) Stealth
 * Level 8.2(13.2) Unarmed Combat
 + Level 4.3 Invocations
 + Level 1.7 Evocations


You had 8 spell levels left.
You didn't know any spells.
Your spell library contained the following spells:

 Spells                   Type           Power      Damage    Failure   Level
 Static Discharge         Conj/Air       0%         2-2/arc   54%         2
 Arcjolt                  Conj/Air       0%         1d10      100%        5
 Lightning Bolt           Conj/Air       0%         1d11      100%        5
 Maxwell's Capacitive Co  Air            0%         ∞         100%        8


Dungeon Overview and Level Annotations

Branches:
Dungeon (7/15)             Temple (1/1) D:6          Bailey (1/1)

Altars:
Ashenzari
Cheibriados
Dithmenos
Elyvilon
Fedhas
Gozag
Hepliaklqana
Kikubaaqudgha
Makhleb
Nemelex Xobeh
Okawaru
Qazlal
Ru
Sif Muna
Wu Jian
Xom
Yredelemnul
Zin
The Shining One

Annotations:
D:2 1 runed translucent door, Crazy Yiuf
D:7 Prince Ribbit


Innate Abilities, Weirdness & Mutations

You are too large for most types of armour.
You have claws for hands.
Your natural rate of healing is unusually fast.
You are covered in fur. (AC +1)
You have tough skin. (AC +1)


Message History

You kill the gnoll!
Okawaru accepts your kill.
The grasping roots constrict the gnoll sergeant.
The grasping roots constrict the wolf.
You hear a shout! x2; You hear a howl! x2
You block the wolf's attack. The gnoll sergeant misses you.
The wolf bites you but does no damage.
You scratch the gnoll sergeant but do no damage.
The grasping roots constrict the gnoll sergeant.
The grasping roots constrict the wolf!
The roots release their grip on the wolf.
The gnoll sergeant barely misses you. You block the wolf's attack.
You claw the gnoll sergeant!
The grasping roots constrict the gnoll sergeant!
The wolf bites you.
* * * LOW HITPOINT WARNING * * *
The gnoll sergeant closely misses you. The wolf bites you.
* * * LOW HITPOINT WARNING * * *
You scratch the gnoll sergeant but do no damage.
You claw the gnoll sergeant.
You kill the gnoll sergeant!
Okawaru accepts your kill.
A wolf comes into view.
You block the wolf's attack.
You closely miss the wolf. The wolf barely misses you.
You closely miss the wolf. The wolf closely misses you.
You block the gnoll sergeant's attack. You block the wolf's attack.
The wolf barely misses you.
You gain the combat prowess of a mighty hero.
The wolf bites you but does no damage. You block the wolf's attack.
The wolf bites you.
* * * LOW HITPOINT WARNING * * *
The wolf bites you.
* * * LOW HITPOINT WARNING * * *
You closely miss the gnoll sergeant. The wolf bites you.
* * * LOW HITPOINT WARNING * * *
The wolf closely misses you.
The gnoll sergeant hits you with a +0 glaive.
* * * LOW HITPOINT WARNING * * *
Aim: a gnoll sergeant, wielding a +0 glaive and wearing a +0 chain mail (unable to see you)
The roots erupt in riotous growth!
Roots grab the gnoll sergeant.
Roots grab the wolf. x2
The gnoll bouda shouts!
The grasping roots constrict the gnoll sergeant!
The grasping roots constrict the wolf. x2
You hear a howl!
You hear a shout!
You hear a howl!
The wolf bites you.
* * * LOW HITPOINT WARNING * * *
The wolf misses you. The wolf barely misses you. The wolf bites you.
You die...

##'## ##...##
##.....##
#.......#
#..$8$..#
#.g.....#
#.)hhh# #.g@#
##'## #...#
#)..# #...#
######'''######
...............
...............
≈≈≈≈≈≈...≈≈≈≈≈≈


You could see a gnoll sergeant (unable to see you, rooted), 3 wolves and a gnoll
bouda (wandering, unable to see you).

Vanquished Creatures
  Grinder (D:4)
  A wyvern (D:7)
  A steam dragon (D:7)
  Menkaure (D:4)
  Edmund (D:5)
  2 water moccasins
  A black bear (D:4)
  An ice beast (D:6)
  4 ogres
  2 wolves (Bailey)
  4 gnoll sergeants (Bailey)
  4 necrophages
  2 bullfrogs (D:7)
  2 scorpions
  2 howler monkeys (D:4)
  3 jellies
  5 hounds
  2 gnoll boudas
  5 orc priests
  4 iguanas
  7 orc wizards
  A hound zombie (D:3)
  21 gnolls
  11 adders
  A howler monkey skeleton (D:3)
  A shadow imp (D:5)
  2 white imps (D:7)
  An ufetubus (D:4)
  An adder zombie (D:3)
  A worm (D:2)
  3 dart slugs
  20 orcs
  5 ball pythons
  3 endoplasms
  5 giant cockroaches
  4 goblins
  6 hobgoblins
  3 jackals
  2 quokkas
  A ball python skeleton (D:3)
  3 bats
  A frilled lizard (D:2)
  6 kobolds
  A quokka skeleton (D:3)
  A quokka zombie (D:3)
  5 rats
164 creatures vanquished.

Vanquished Creatures (others)
  2 withered plants (D:3)
2 creatures vanquished.

Grand Total: 166 creatures vanquished

Notes
Turn   | Place    | Note
-------+----------+-------------------------------------------
     0 | D:1      | Pooter the Troll Monk began the quest for the Orb.
     0 | D:1      | Reached XP level 1. HP: 22/22 MP: 0/0
    75 | D:1      | Reached XP level 2. HP: 28/29 MP: 1/1
   377 | D:1      | Found a faded altar of an unknown god.
   391 | D:1      | Prayed at the altar of an unknown god.
   391 | D:1      | Became a worshipper of Zin the Law-Giver
   391 | D:1      | Reached * piety under Zin
   391 | D:1      | Reached ** piety under Zin
   391 | D:1      | Reached *** piety under Zin
   392 | D:1      | Donated 32 gold pieces to Zin
   925 | D:2      | Reached XP level 3. HP: 36/36 MP: 2/2
   969 | D:2      | Found a runed translucent door.
   970 | D:2      | Noticed Crazy Yiuf
  1111 | D:2      | Donated 31 gold pieces to Zin
  1147 | D:2      | Reached skill level 4 in Unarmed Combat
  1168 | D:2      | Reached **** piety under Zin
  1715 | D:3      | Noticed a water moccasin
  1722 | D:3      | Reached XP level 4. HP: 18/44 MP: 3/3
  1732 | D:3      | Killed a water moccasin
  1733 | D:3      | Reached skill level 1 in Maces & Flails
  1733 | D:3      | Reached skill level 1 in Throwing
  1733 | D:3      | Reached XP level 5. HP: 22/53 MP: 1/4
  1899 | D:3      | Reached skill level 1 in Invocations
  2133 | D:3      | Reached XP level 6. HP: 61/61 MP: 5/5
  2345 | D:4      | Reached skill level 1 in Ranged Weapons
  2345 | D:4      | Reached skill level 5 in Unarmed Combat
  2345 | D:4      | Noticed Grinder
  2349 | D:4      | Noticed Menkaure
  2451 | D:4      | Reached XP level 7. HP: 60/67 MP: 7/7
  2455 | D:4      | Paralysed by Grinder for 5 turns
  2600 | D:4      | Killed Menkaure
  2649 | D:4      | Found a shimmering blue altar of Sif Muna.
  2651 | D:4      | Found a shimmering altar of Xom.
  2851 | D:4      | Reached skill level 6 in Unarmed Combat
  2951 | D:4      | Reached XP level 8. HP: 65/78 MP: 8/8
  2977 | D:4      | Found a sacrificial altar of Ru.
  3108 | D:4      | Paralysed by Grinder for 2 turns
  3111 | D:4      | Killed Grinder
  3265 | D:5      | Entered Level 5 of the Dungeon
  3350 | D:5      | Found a glowing silver altar of Zin.
  3425 | D:5      | Reached ***** piety under Zin
  3426 | D:5      | Donated 88 gold pieces to Zin
  3556 | D:5      | Noticed Edmund
  3574 | D:5      | Killed Edmund
  3575 | D:5      | Reached skill level 5 in Throwing
  3575 | D:5      | Reached skill level 7 in Unarmed Combat
  3993 | D:6      | Reached XP level 9. HP: 84/85 MP: 10/10
  4080 | D:6      | Found a staircase to the Ecumenical Temple.
  4101 | Temple   | Entered the Ecumenical Temple
  4587 | D:6      | Found an iron altar of Okawaru.
  4595 | D:6      | Fell from the grace of Zin
  4595 | D:6      | Became a worshipper of Warmaster Okawaru
  5079 | D:7      | Reached skill level 1 in Evocations
  5136 | D:7      | Found a blossoming altar of Fedhas.
  5272 | D:7      | Found a stormy altar of Qazlal.
  5410 | D:7      | Noticed Prince Ribbit
  5416 | D:7      | Found a flagged portal.
  5425 | Bailey   | Entered a bailey
  5442 | Bailey   | Reached skill level 5 in Fighting
  5445 | Bailey   | Reached * piety under Okawaru
  5505 | Bailey   | Reached skill level 8 in Unarmed Combat
  5639 | Bailey   | HP: 3/88 [wolf (3)]
  5639 | Bailey   | Slain by a wolf

Illustrated notes

Levels and vault maps discovered:
D:1:      dpeg_arrival_concentric_ovals, layout_basic,
          ebering_ecumenical_altar_box, nrook_mini_vaults, minmay_cut_off
D:2:      layout_basic, minmay_randomly_rotated_circles, uniq_crazy_yiuf_cottage
D:3:      layout_loops_ring, serial_undead, serial_undead_e, serial_undead_c,
          serial_undead_c, serial_undead_c, serial_undead_f, serial_undead_c,
          serial_undead_b, serial_undead_d, minmay_splitting_lines,
          minmay_misc_feat_x
D:4:      layout_rooms, mainiacjoe_overflow_catwalk, grunt_temple_overflow_open,
          grunt_tough_drop, uniq_menkaure, uniq_grinder
D:5:      layout_cave_pools, mainiacjoe_overflow_chevrons, uniq_edmund
D:6:      layout_loops_ring, mainiacjoe_overflow_boulevard,
          minmay_temple_entry_trees
D:7:      layout_rooms, marbit_many_paths, mainiacjoe_overflow_brackets,
          enter_bailey_8, uniq_prince_ribbit1
Temple:   nicolae_temple_slightly_damp_pantheon
Bailey:   bailey_polearm_gnolls_kennysheep, bailey

Skill      XL: |  1  2  3  4  5  6  7  8  9 |
---------------+----------------------------+-----
Unarmed Combat | 4 5 6 7 8 |  8.2
Fighting       | 3 4 5 |  5.1
Maces & Flails | 1 |  1.4
Throwing       | 1 2 3 5 6 |  6.3
Invocations    | 1 2 3 4 |  4.3
Ranged Weapons | 1 2 3 |  3.2
Evocations     | 1 |  1.7
Dodging        | |  2.4
Stealth        | |  1.0

Action                   |  1- 3 |  4- 6 |  7- 9 || total
-------------------------+-------+-------+-------++-------
Melee: Unarmed           |    64 |    77 |   291 ||   432
       Giant spiked club |    45 |       |       ||    45
       Punch             |       |     3 |     9 ||    12
 Fire: Sling             |    20 |     2 |    55 ||    77
Throw: Boomerang         |       |     9 |    38 ||    47
       Javelin           |       |     4 |       ||     4
Invok: Donate Gold       |     2 |       |     1 ||     3
       Vitalisation      |       |     1 |       ||     1
       Recite            |       |     3 |     8 ||    11
       Heroism           |       |       |     1 ||     1
Evoke: Wand              |       |       |    18 ||    18
  Use: Scroll            |     3 |     3 |    11 ||    17
       Potion            |       |       |     2 ||     2
 Stab: Sleeping          |     2 |       |     1 ||     3
       Invisible         |       |       |     1 ||     1
Armor: Robe              |    58 |    23 |    50 ||   131
Dodge: Dodged            |    78 |    38 |   129 ||   245
Block: Other             |     7 |    16 |    70 ||    93

Table legend: (Time is in decaauts)
 A = Elapsed time spent in this place.
 B = Non-inter-level travel time spent in this place.
 C = Inter-level travel time spent in this place.
 D = Time resting spent in this place.
 E = Time spent auto-exploring this place.
 F = Levels seen in this place.
 G = Mean time per level.
                   A        B        C        D        E       F      G
               +--------+--------+--------+--------+--------+-----+--------+
         Total |   5636 |   5415 |    221 |    509 |   3411 |   9 |  626.2 |
       Dungeon |   5243 |   5040 |    203 |    382 |   3255 |   7 |  749.0 |
        Temple |    187 |    169 |     18 |      0 |    156 |   1 |  187.0 |
        Bailey |    205 |    205 |      0 |    127 |      0 |   1 |  205.0 |
               +--------+--------+--------+--------+--------+-----+--------+

Top non-repeatable levels by time:
     D:1: 942 daAuts
     D:6: 892 daAuts
     D:4: 872 daAuts
     D:3: 786 daAuts
     D:2: 750 daAuts
     D:5: 639 daAuts
     D:7: 359 daAuts
  Bailey: 205 daAuts
  Temple: 187 daAuts
